 Dungeon Crawl Stone Soup version 0.22-a0-480-g991dd4b (webtiles) character file.

5 FR0GANUS the Grasshopper (level 1, 0/10 HPs)
             Began as a Spriggan Warper on June 14, 2018.
             Killed by nerve-wracking pain
             ... invoked by an orc priest
              (10 damage)
             ... on level 5 of the Dungeon.
             The game lasted 00:03:44 (971 turns).

FR0GANUS the Grasshopper (Spriggan Warper)           Turns: 971, Time: 00:03:48

Health: 0/10       AC:  2    Str:  7    XL:     1   Next: 66%
Magic:  5/5        EV: 19    Int: 14    God:
Gold:   63         SH:  0    Dex: 15    Spells: 5/5 levels left

rFire    . . .     SeeInvis +   a - +0 short sword
rCold    . . .     Gourm    .   (shield restricted)
rNeg     . . .     Faith    .   b - +0 robe
rPois    .         Spirit   .   (helmet restricted)
rElec    .         Reflect  .   (no cloak)
rCorr    .         Harm     .   (gloves unavailable)
MR       .....                  (boots unavailable)
Stlth    ++........             (no amulet)
HPRegen  0.03/turn              (no ring)
MPRegen  0.09/turn              (no ring)

@: very quick
A: very small, unfitting armour, see invisible, herbivore, speed 3, slow
metabolism 2
a: no special abilities


You were on level 5 of the Dungeon.
You were not hungry.

You visited 1 branch of the dungeon, and saw 5 of its levels.

You collected 63 gold pieces.

Inventory:

Hand Weapons
 a - a +0 short sword (weapon)
 k - a +0 whip
Missiles
 e - 5 tomahawks of dispersal (quivered)
 i - 20 stones
Armour
 b - a +0 robe (worn)
Scrolls
 d - a scroll of blinking
 g - a scroll of noise {unknown}
 h - a scroll of identify {unknown}
 l - a scroll of magic mapping {unknown}
Potions
 c - a potion of curing {unknown}
 j - a potion of degeneration {unknown}
Comestibles
 f - 2 rations


   Skills:
 + Level 1.6 Fighting
 - Level 2.1 Short Blades
 - Level 1.0 Throwing
 * Level 3.9 Dodging
 * Level 0.8 Stealth
 + Level 2.7 Spellcasting
   Level 4.4 Translocations


You had 5 spell levels left.
You didn't know any spells.
Your spell library contained the following spells:

 Spells                   Type           Power        Failure   Level  Hunger
 Apportation              Tloc           ##....       3%          1    #......
 Teleport Other           Tloc           ##......     11%         3    ###....
 Summon Small Mammal      Summ           #...         22%         1    #......
 Blink                    Tloc           N/A          5%          2    ###....
 Animate Skeleton         Necr           N/A          22%         1    #......
 Confusing Touch          Hex            #.....       22%         1    #......
 Passage of Golubria      Tloc           N/A          34%         4    #####..
 Shroud of Golubria       Chrm/Tloc      #.........   14%         2    ###....
 Gell's Gravitas          Tloc           ##........   11%         3    ###....
 Lesser Beckoning         Tloc           ##........   11%         3    ###....


Dungeon Overview and Level Annotations

Branches:
Dungeon (5/15)
 Temple: D:4-7

Altars:
Qazlal
Uskayaw


Innate Abilities, Weirdness & Mutations

You are very small and have problems with some larger weapons.
You are too small for most types of armour.
You have supernaturally acute eyesight. (SInv)
You are a herbivore.
You cover ground extremely quickly.
You need to consume almost no food.


Message History

l - a scroll labeled XOPIATZAHOFF An orc comes into view.
It is wielding a club. 2 orcs come into view.
There is a stone staircase leading down here.
The orc shouts! x2
You climb downwards.
Found 27 gold pieces.
There is a stone staircase leading up here.
You now have 52 gold pieces (gained 16).
You now have 63 gold pieces (gained 11).
You open the door.
Found a hand axe.
There is an open door here.
As you open the door, it creaks loudly! 3 orcs and an orc priest come into view.
The orc shouts! x3
The orc priest mumbles some strange prayers to Beogh against you.
Pain shoots through your body!
Ouch! That really hurt!
You die...

#.##.####.# ##...#.#
#.##...##.###......#
#.#.....#.##.......##
##.#.....#.#.........#
...........'.........+
##<........#.........##
#####.######..........
#.# ##.....### #.#
##.@)## #.# ##'## #.#
#o# #.# #.# #.# #o#


oo. ... ?.. You could see an orc priest and 3 orcs.

Vanquished Creatures
  A giant cockroach (D:3)
  3 jackals (D:3)
4 creatures vanquished.

Notes
Turn   | Place    | Note
-------+----------+-------------------------------------------
     0 | D:1      | FR0GANUS the Spriggan Warper began the quest for the Orb.
     0 | D:1      | Reached XP level 1. HP: 10/10 MP: 5/5
   868 | D:4      | Found a stormy altar of Qazlal.
   918 | D:4      | Found a hide-covered altar of Uskayaw.
   946 | D:4      | Noticed an orc wizard
   947 | D:5      | Entered Level 5 of the Dungeon
   971 | D:5      | Noticed an orc priest
   971 | D:5      | Killed from afar by an orc priest

Vault maps used:
D:1:      minmay_arrival_four_houses, st_stairs_14
D:2:      fiery_altar_vehumet, overflow_temple_1_default, minmay_goblin_outpost
D:3:      fedhas_altar_3, nicolae_gozag_seed_capital,
          chequers_ecumenical_altar_island, hangedman_decor_growths
D:4:      kennysheep_little_box, eat_drink_and_be_merry_uskayaw,
          marbit_many_paths, nemelex_xobeh_ov_fountains_minmay,
          kennysheep_generic_room_6
D:5:      first_ration, uniq_blork_the_orc

Action                   || total
-------------------------++-------
Melee: Short sword       ||    43
Armor: Robe              ||     2
Dodge: Dodged            ||    43

Table legend:
 A = Spawn XP
 B = Non-spawn XP
 C = Spawn XP percentage of total XP
 D = Spawn monster count
 E = Non-spawn monster count
 F = Spawn count percentage of total count
 G = Total turns spent on level
                    A         B        C        D         E        F      G
               +---------+---------+-------+---------+---------+-------+---------
         Total |       0 |       8 |   0.0 |       0 |       4 |   0.0 |   971
               +---------+---------+-------+---------+---------+-------+---------
           D:3 |       0 |       8 |   0.0 |       0 |       4 |   0.0 |   809
               +---------+---------+-------+---------+---------+-------+---------
